 Dungeon Crawl Stone Soup version 0.26.0-16-gc1dbca0489 (webtiles) character file.

Game seed: 7142440789723969541

596 thiole the Sneak (level 7, 0/41 HPs)
             Began as an Octopode Hedge Wizard on Jan 20, 2021.
             Was an Initiate of Gozag.
             Slain by a centaur (6 damage)
             ... on level 5 of the Dungeon.
             The game lasted 00:08:27 (4908 turns).

thiole the Sneak (Octopode Hedge Wizard)            Turns: 4908, Time: 00:08:27

Health: 0/41       AC:  1    Str: 16    XL:     7   Next: 40%
Magic:  2/13       EV: 13    Int: 24    God:    Gozag
Gold:   217        SH:  0    Dex: 11    Spells: 8/14 levels left

rFire    . . .     SeeInvis +   n - +2 dagger (holy)
rCold    . . .     Faith    .   (no shield)
rNeg     + . .     Spirit   .   b - +0 hat
rPois    .         Reflect  .   (no amulet)
rElec    .         Harm     .   e - +6 ring of intelligence
rCorr    .         Rampage  .   g - +6 ring of strength
Will     .....                  r - ring of positive energy
Stlth    ++++......             s - ring of see invisible
HPRegen  0.13/turn              (no ring)
MPRegen  0.13/turn              (no ring)
                                (no ring)
                                (no ring)

@: gold aura
A: almost no armour, stealthy swim, amphibious, 8 rings, constrict 8, camouflage
1, gelatinous body 1
a: Renounce Religion, Potion Petition, Call Merchant, Bribe Branch


You were on level 5 of the Dungeon.
You worshipped Gozag.
Gozag was aware of your devotion.
You visited 2 branches of the dungeon, and saw 6 of its levels.

You collected 295 gold pieces.
You paid 78 gold pieces to Gozag.

Inventory:

Hand Weapons
 a - a +0 dagger
 n - a +2 dagger of holy wrath (weapon)
Armour
 b - a +0 hat (worn)
Jewellery
 e - a +6 ring of intelligence (left tentacle)
 g - a +6 ring of strength (right tentacle)
 r - a ring of positive energy (on tentacle)
 s - a ring of see invisible (on tentacle)
Wands
 o - a wand of random effects (37)
 u - a wand of iceblast (11)
 y - a wand of paralysis (10)
Scrolls
 c - 2 scrolls of identify {unknown}
 d - a scroll of remove curse
 f - 2 scrolls of teleportation
 i - a scroll of fog {unknown}
 l - a scroll of amnesia {unknown}
 p - a scroll of blinking {unknown}
 t - 3 scrolls of enchant armour {unknown}
 x - a scroll of fear {unknown}
 z - a scroll of immolation {unknown}
Potions
 h - 3 potions of haste {unknown}
 j - 4 potions of curing
 k - a potion of magic {unknown}
 m - 4 potions of heal wounds {unknown}
 q - a potion of attraction {unknown}
 v - a potion of resistance {unknown}
 w - 3 potions of might {unknown}


   Skills:
 - Level 2.0 Dodging
 + Level 5.5 Stealth
 + Level 4.3 Spellcasting
 - Level 2.0 Conjurations
 - Level 2.0 Summonings
 - Level 1.0 Translocations
 * Level 4.2 Air Magic
 - Level 3.0 Poison Magic
 + Level 0.4 Evocations


You had 8 spell levels left.
You knew the following spells:

 Your Spells              Type           Power        Failure   Level
a - Magic Dart            Conj           56%          4%          1
b - Call Imp              Summ           14%          6%          2
c - Mephitic Cloud        Conj/Pois/Air  20%          8%          3

Your spell library contained the following spells:

 Spells                   Type           Power        Failure   Level
 Blink                    Tloc           N/A          10%         2
 Slow                     Hex            5%           14%         2
 Conjure Flame            Conj/Fire      10%          19%         3


Dungeon Overview and Level Annotations

Branches:
Dungeon (5/15)             Temple (1/1) D:4

Altars:
Ashenzari
Cheibriados
Elyvilon
Fedhas
Gozag
Hepliaklqana
Kikubaaqudgha
Makhleb
Nemelex Xobeh
Okawaru
Qazlal
Ru
Trog
Uskayaw
Vehumet
Wu Jian
Yredelemnul
Zin

Annotations:
D:5 Blork the orc


Innate Abilities, Weirdness & Mutations

You cannot wear most types of armour.
You are very stealthy in the water. (Stealth+)
You are amphibious.
You can wear up to eight rings at the same time.
You can use your tentacles to constrict eight enemies at once.
Your skin changes colour to match your surroundings (Stealth+).
Your rubbery body absorbs attacks. (AC +1, EV +1)


Message History

You kill the gnoll!
You swap places.
You now have 217 gold pieces (gained 6).
You see here a +0 halberd.
A centaur comes into view.
You start resting.
Your crimson imp blinks!
The centaur wields a +0 shortbow.
The centaur shoots an arrow.
The arrow hits you!
The centaur unwields a +0 shortbow.
The centaur hits you!
You hit the centaur.
The centaur is lightly wounded.
The centaur hits you!
* * * LOW HITPOINT WARNING * * *
You hit the centaur. Your squeeze misses the centaur.
The centaur is moderately wounded.
Your crimson imp disappears in a puff of smoke!
The centaur hits you.
You die...
Your body crumbles into a pile of gold.

####....^....#
##.......###
####.........## ##
#...$.........#
.......#.........####
...gg#####$.........#
.....### #..........#
...[...###.5........#
.. #....#c@)..[#...#
. #....#ยง#....##.##
###.....#...## ##
#..##.....#.#...#
#......<###.#####
#..#....# ...
#....##....
.......#....#
$.............##


You could see a centaur and a friendly crimson imp (summoned).

Vanquished Creatures
  Sigmund (D:4)
  An ogre (D:4)
  A water moccasin skeleton (D:4)
  Jessica (D:3)
  3 orc wizards (D:4)
  Ijyb (D:3)
  8 gnolls
  4 adders
  A shadow imp (D:5)
  An adder skeleton (D:5)
  A worm (D:4)
  4 leopard geckos
  10 orcs
  2 ball pythons
  5 bats
  3 giant cockroaches
  4 goblins (D:1)
  6 hobgoblins
  3 jackals
  6 kobolds
  2 quokkas (D:3)
  3 frilled lizards
  A leopard gecko skeleton (D:4)
  8 rats
80 creatures vanquished.

Vanquished Creatures (collateral kills)
  A white imp (D:5)
1 creature vanquished.

Grand Total: 81 creatures vanquished

Notes
Turn   | Place    | Note
-------+----------+-------------------------------------------
     0 | D:1      | thiole the Octopode Hedge Wizard began the quest for the
                  | Orb.
     0 | D:1      | Reached XP level 1. HP: 11/11 MP: 4/4
   199 | D:1      | Reached XP level 2. HP: 16/17 MP: 0/6
   326 | D:1      | Reached skill level 3 in Stealth
   817 | D:1      | Reached XP level 3. HP: 21/21 MP: 5/7
  1058 | D:2      | Learned a level 2 spell: Call Imp
  1062 | D:2      | Learned a level 3 spell: Mephitic Cloud
  1937 | D:3      | Noticed Jessica
  1941 | D:3      | Reached skill level 1 in Air Magic
  1941 | D:3      | Reached XP level 4. HP: 26/27 MP: 3/9
  1952 | D:3      | Killed Jessica
  2593 | D:3      | Noticed Ijyb
  2611 | D:3      | Killed Ijyb
  2612 | D:3      | Reached skill level 4 in Stealth
  2612 | D:3      | Reached skill level 1 in Poison Magic
  2612 | D:3      | Reached XP level 5. HP: 26/31 MP: 5/10
  3345 | D:4      | Found a staircase to the Ecumenical Temple.
  3413 | D:4      | Noticed an ogre
  3425 | D:4      | Killed an ogre
  3426 | D:4      | Reached XP level 6. HP: 20/36 MP: 2/11
  3875 | D:4      | Noticed Sigmund
  3892 | D:4      | Killed Sigmund
  3893 | D:4      | Reached skill level 5 in Stealth
  4075 | D:4      | Reached XP level 7. HP: 32/41 MP: 4/13
  4605 | Temple   | Entered the Ecumenical Temple
  4685 | Temple   | Became a worshipper of Gozag Ym Sagoz the Greedy
  4740 | D:5      | Entered Level 5 of the Dungeon
  4752 | D:5      | Noticed Blork the orc
  4908 | D:5      | Slain by a centaur

Illustrated notes

Levels and vault maps discovered:
D:1:      sevenhm_arrival_forest_fort_small_4, layout_basic,
          minmay_tiny_reverse_x
D:2:      cheibrodos_old_hovel, layout_loops_ring,
          minmay_misc_feat_more_columns, hangedman_decor_clover_reticule,
          minmay_close_crescents
D:3:      layout_rooms, uniq_jessica, uniq_ijyb
D:4:      layout_basic, minmay_temple_entry_glassed_door, sigmund_army
D:5:      layout_cave_pools, grunt_temple_overflow_open,
          ebering_ghost_disaster_area, serial_shops, nicolae_shop_statue_plus,
          kennysheep_generic_room_8, uniq_blork_the_orc
Temple:   hc_temple_tempest_star

Skill      XL: |  1  2  3  4  5  6  7 |
---------------+----------------------+-----
Stealth        | 3 4 5 |  5.5
Conjurations   | 2 |  2.0
Summonings     | 2 |  2.0
Air Magic      | 1 2 3 4 |  4.2
Poison Magic   | 1 2 3 |  3.0
Spellcasting   | 4 |  4.3
Dodging        | |  2.0
Translocations | |  1.0
Evocations     | |  0.4

Action                   |  1- 3 |  4- 6 |  7- 9 || total
-------------------------+-------+-------+-------++-------
Melee: Dagger            |    36 |    65 |    25 ||   126
       Constrict         |    11 |    17 |     9 ||    37
       Tentacles         |     4 |    17 |     5 ||    26
 Cast: Magic Dart        |    69 |    65 |    31 ||   165
       Call Imp          |       |     3 |     4 ||     7
       Mephitic Cloud    |       |     1 |     3 ||     4
  Use: Scroll            |       |     2 |       ||     2
Armor: Skin              |     3 |     2 |     1 ||     6
Dodge: Dodged            |    18 |    48 |     8 ||    74
